| TOP OF THE 1ST |
|
Las Vegas 51s batting - Pitching for Memphis Redbirds : LHP Antonio Lacayo
|
|
Pitching: LHP Antonio Lacayo
|
|
|
Batting: LHB Adam Hairston
|
0-0: Ball 1-0: Swinging Strike 1-1: SINGLE (Groundball, 4M, EV 99.4 MPH) (infield hit)
|
|
Batting: LHB Bill Armijo
|
0-0: Ball Adam Hairston steals 2nd base 1-0: Ball Adam Hairston steals 3rd, throwing error, E2 Adam Hairston scores 2-0: Swinging Strike 2-1: Foul Ball, location: 2F 2-2: Foul Ball, location: 2F 2-2: Foul Ball, location: 2F 2-2: Strikes out looking
|
|
Batting: SHB Roberto Magne
|
0-0: Foul Ball, location: 2F 0-1: Foul Ball, location: 2F 0-2: Ground out 4-3 (Groundball, 4MD, EV 90.6 MPH)
|
|
Batting: RHB Steven Romanovsky
|
0-0: Ball 1-0: Ball 2-0: Ball 3-0: Ground out 5-3 (Groundball, 56, EV 98.8 MPH)
|
| Top of the 1st over - 1 run, 1 hit, 1 error, 0 left on base; Las Vegas 1 - Memphis 0 |
| BOTTOM OF THE 1ST |
|
Memphis Redbirds batting - Pitching for Las Vegas 51s : RHP Marc Maniu
|
|
Pitching: RHP Marc Maniu
|
|
|
Batting: RHB Josh Hoeye
|
0-0: SINGLE (Line Drive, 8LS, EV 96.3 MPH)
|
|
Batting: LHB Tom Butterbaugh
|
0-0: Ball 1-0: Fly out, F8 (Flyball, 78D, EV 98.1 MPH)
|
|
Batting: RHB Eric Chotkowski
|
0-0: Ball 1-0: Called Strike Josh Hoeye steals 2nd base 1-1: Ball 2-1: Ball 3-1: Foul Ball, location: 2F 3-2: Foul Ball, location: 2F 3-2: Base on Balls
|
|
Batting: LHB Melvin Salgado
|
0-0: Called Strike 0-1: Swinging Strike 0-2: Strikes out swinging
|
|
Batting: SHB Luke Robbins
|
0-0: Ball 1-0: Ball 2-0: Foul Ball, location: 2F 2-1: Ball 3-1: Called Strike 3-2: Base on Balls Josh Hoeye to third Eric Chotkowski to second
|
|
Batting: LHB Tim Olsen
|
0-0: Ground out 4-3 (Groundball, 4, EV 102.5 MPH)
|
| Bottom of the 1st over - 0 runs, 1 hit, 0 errors, 3 left on base; Las Vegas 1 - Memphis 0 |
| TOP OF THE 2ND |
|
Las Vegas 51s batting - Pitching for Memphis Redbirds : LHP Antonio Lacayo
|
|
Batting: SHB Billy Encinias
|
0-0: Ground out 5-3 (Groundball, 56, EV 103.1 MPH)
|
|
Batting: LHB Sal Fernandez
|
0-0: DOUBLE (Line Drive, 7LM, EV 110.6 MPH)
|
|
Batting: RHB Leon Edwards
|
0-0: Ball 1-0: Swinging Strike 1-1: SINGLE (Line Drive, 89S, EV 105.6 MPH) Sal Fernandez to third
|
|
Batting: LHB Ben Goldstein
|
0-0: Ball 1-0: Foul Ball, location: 2F 1-1: Foul Ball, location: 2F 1-2: Foul Ball, location: 2F 1-2: Strikes out swinging
|
|
Batting: RHB Seth Daniel
|
0-0: Ball 1-0: Swinging Strike 1-1: SINGLE (Groundball, 13, EV 81.3 MPH) (infield hit) Sal Fernandez scores Leon Edwards to second
|
|
Batting: LHB Adam Hairston
|
0-0: Called Strike 0-1: Fly out, F7 (Line Drive, 7, EV 85.6 MPH)
|
| Top of the 2nd over - 1 run, 3 hits, 0 errors, 2 left on base; Las Vegas 2 - Memphis 0 |
| BOTTOM OF THE 2ND |
|
Memphis Redbirds batting - Pitching for Las Vegas 51s : RHP Marc Maniu
|
|
Batting: SHB Quido van Erp
|
0-0: Called Strike 0-1: Ball 1-1: Foul Ball, location: 2F 1-2: Ball 2-2: Foul Ball, location: 2F 2-2: Strikes out looking
|
|
Batting: RHB Colin Boddy
|
0-0: Called Strike 0-1: Foul Ball, location: 2F 0-2: Foul Ball, location: 2F 0-2: Fly out, F7 (Flyball, 7LS, EV 79.4 MPH)
|
|
Batting: LHB Jesus Ramirez
|
0-0: Ball 1-0: Ball 2-0: Ball 3-0: Called Strike 3-1: Called Strike 3-2: Foul Ball, location: 2F 3-2: Foul Ball, location: 2F 3-2: Fly out, F7 (Flyball, 7, EV 93.8 MPH)
|
| Bottom of the 2nd over - 0 runs, 0 hits, 0 errors, 0 left on base; Las Vegas 2 - Memphis 0 |
| TOP OF THE 3RD |
|
Las Vegas 51s batting - Pitching for Memphis Redbirds : LHP Antonio Lacayo
|
|
Batting: LHB Bill Armijo
|
0-0: Ball 1-0: Swinging Strike 1-1: Called Strike 1-2: Strikes out swinging, 2-3 out at first.
|
|
Batting: SHB Roberto Magne
|
0-0: Ball 1-0: Ball 2-0: Called Strike 2-1: Foul Ball, location: 2F 2-2: Fly out, F7 (Line Drive, 7, EV 106.3 MPH)
|
|
Batting: RHB Steven Romanovsky
|
0-0: Ball 1-0: Ball 2-0: Foul Ball, location: 2F 2-1: Ground out 1-3 (Groundball, P, EV 71.9 MPH)
|
| Top of the 3rd over - 0 runs, 0 hits, 0 errors, 0 left on base; Las Vegas 2 - Memphis 0 |
| BOTTOM OF THE 3RD |
|
Memphis Redbirds batting - Pitching for Las Vegas 51s : RHP Marc Maniu
|
|
Batting: RHB Josh Hoeye
|
0-0: Called Strike 0-1: DOUBLE (Line Drive, 8RD, EV 89.4 MPH)
|
|
Batting: LHB Tom Butterbaugh
|
0-0: Called Strike 0-1: Ball 1-1: Ground out U3 (Groundball, 3, EV 102.5 MPH) Josh Hoeye to third
|
|
Batting: RHB Eric Chotkowski
|
0-0: Ball 1-0: Called Strike 1-1: Ball 2-1: Ground out 3-1 (Groundball, 34, EV 89.4 MPH) Josh Hoeye scores
|
|
Batting: LHB Melvin Salgado
|
0-0: Ball 1-0: Called Strike 1-1: Fly out, F9 (Flyball, 9, EV 86.3 MPH)
|
| Bottom of the 3rd over - 1 run, 1 hit, 0 errors, 0 left on base; Las Vegas 2 - Memphis 1 |
| TOP OF THE 4TH |
|
Las Vegas 51s batting - Pitching for Memphis Redbirds : LHP Antonio Lacayo
|
|
Batting: SHB Billy Encinias
|
0-0: Ball 1-0: Ground out 6-3 (Groundball, 56, EV 88.1 MPH)
|
|
Batting: LHB Sal Fernandez
|
0-0: Ball 1-0: Ball 2-0: Called Strike 2-1: Foul Ball, location: 2F 2-2: Ball 3-2: SINGLE (Groundball, 4D, EV 95.0 MPH)
|
|
Batting: RHB Leon Edwards
|
0-0: Ball Sal Fernandez steals 2nd base Pickoff Throw to Second - Error! E1 Sal Fernandez to third 1-0: Ground out U3 (Groundball, 34S, EV 86.9 MPH) Sal Fernandez scores
|
|
Batting: LHB Ben Goldstein
|
0-0: Ball 1-0: Ground out 6-3 (Groundball, 4M, EV 83.8 MPH)
|
| Top of the 4th over - 1 run, 1 hit, 1 error, 0 left on base; Las Vegas 3 - Memphis 1 |
| BOTTOM OF THE 4TH |
|
Memphis Redbirds batting - Pitching for Las Vegas 51s : RHP Marc Maniu
|
|
Batting: SHB Luke Robbins
|
0-0: Called Strike 0-1: Swinging Strike 0-2: Strikes out swinging
|
|
Batting: LHB Tim Olsen
|
0-0: Ground out 4-3 (Groundball, 4, EV 96.3 MPH)
|
|
Batting: SHB Quido van Erp
|
0-0: Swinging Strike 0-1: Ball 1-1: Ball 2-1: SINGLE (Line Drive, 89S, EV 92.5 MPH)
|
|
Batting: RHB Colin Boddy
|
0-0: Called Strike 0-1: Ball Quido van Erp is caught stealing 2nd base 2-4
|
| Bottom of the 4th over - 0 runs, 1 hit, 0 errors, 0 left on base; Las Vegas 3 - Memphis 1 |
| TOP OF THE 5TH |
|
Las Vegas 51s batting - Pitching for Memphis Redbirds : LHP Antonio Lacayo
|
|
Batting: RHB Seth Daniel
|
0-0: Foul Ball, location: 2F 0-1: Ball 1-1: SINGLE (Groundball, 4MD, EV 101.3 MPH)
|
|
Batting: LHB Adam Hairston
|
0-0: Ball 1-0: Called Strike 1-1: Fielders Choice at 2nd, 6-4 (Groundball, 6, EV 80.0 MPH)
|
|
Batting: LHB Bill Armijo
|
0-0: Called Strike 0-1: Ball 1-1: SINGLE (Flyball, 5D, EV 101.9 MPH) Adam Hairston to second
|
|
Batting: SHB Roberto Magne
|
0-0: Ball 1-0: Called Strike Adam Hairston steals 3rd base 1-1: Swinging Strike 1-2: Foul Ball, location: 2F 1-2: Ground out 6-3 (Groundball, 6MS, EV 66.9 MPH) Adam Hairston scores Bill Armijo to second
|
|
Batting: RHB Steven Romanovsky
|
0-0: Ball 1-0: Ball 2-0: Fly out, F7 (Flyball, 7, EV 98.1 MPH)
|
| Top of the 5th over - 1 run, 2 hits, 0 errors, 1 left on base; Las Vegas 4 - Memphis 1 |
| BOTTOM OF THE 5TH |
|
Memphis Redbirds batting - Pitching for Las Vegas 51s : RHP Marc Maniu
|
|
Batting: RHB Colin Boddy
|
0-0: Called Strike 0-1: Called Strike 0-2: Ball 1-2: Strikes out swinging
|
|
Batting: LHB Jesus Ramirez
|
0-0: Fly out, F9 (Flyball, 9D, EV 78.8 MPH)
|
|
Batting: RHB Josh Hoeye
|
0-0: Swinging Strike 0-1: Called Strike 0-2: Ball 1-2: Ball 2-2: Ball 3-2: Ground out 5-3 (Groundball, 5S, EV 88.1 MPH)
|
| Bottom of the 5th over - 0 runs, 0 hits, 0 errors, 0 left on base; Las Vegas 4 - Memphis 1 |
| TOP OF THE 6TH |
|
Las Vegas 51s batting - Pitching for Memphis Redbirds : LHP Antonio Lacayo
|
|
Batting: SHB Billy Encinias
|
0-0: Ball 1-0: Foul Ball, location: 2F 1-1: Ground out 5-3 (Groundball, 56S, EV 65.0 MPH)
|
|
Batting: LHB Sal Fernandez
|
0-0: Ground out 6-3 (Groundball, 6, EV 84.4 MPH)
|
|
Batting: RHB Leon Edwards
|
0-0: Ball 1-0: Ground out 5-3 (Groundball, 56S, EV 62.5 MPH)
|
| Top of the 6th over - 0 runs, 0 hits, 0 errors, 0 left on base; Las Vegas 4 - Memphis 1 |
| BOTTOM OF THE 6TH |
|
Memphis Redbirds batting - Pitching for Las Vegas 51s : RHP Marc Maniu
|
|
Batting: LHB Tom Butterbaugh
|
0-0: Ball 1-0: Called Strike 1-1: Swinging Strike 1-2: Ball 2-2: Foul Ball, location: 2F 2-2: Foul Ball, location: 2F 2-2: SINGLE (Flyball, 8LS, EV 94.4 MPH)
|
|
Batting: RHB Eric Chotkowski
|
0-0: Called Strike 0-1: Ball 1-1: Called Strike 1-2: Strikes out swinging
|
|
Batting: LHB Melvin Salgado
|
0-0: Ball 1-0: Ball 2-0: Foul Ball, location: 2F 2-1: Ball 3-1: Fly out, F9 (Flyball, 9, EV 88.1 MPH)
|
|
Batting: SHB Luke Robbins
|
0-0: Ball 1-0: Ball 2-0: Called Strike 2-1: Swinging Strike 2-2: Ball 3-2: Strikes out swinging
|
| Bottom of the 6th over - 0 runs, 1 hit, 0 errors, 1 left on base; Las Vegas 4 - Memphis 1 |
| TOP OF THE 7TH |
|
Las Vegas 51s batting - Pitching for Memphis Redbirds : LHP Antonio Lacayo
|
|
Batting: LHB Ben Goldstein
|
0-0: Ball 1-0: Ground out 4-3 (Groundball, 13, EV 88.8 MPH)
|
|
Batting: RHB Seth Daniel
|
0-0: Ball 1-0: Called Strike 1-1: Ball 2-1: Foul Ball, location: 2F 2-2: Ball 3-2: Strikes out looking
|
|
Batting: LHB Adam Hairston
|
0-0: Ball 1-0: Fly out, F4 (Popup, 4M, EV 74.4 MPH)
|
| Top of the 7th over - 0 runs, 0 hits, 0 errors, 0 left on base; Las Vegas 4 - Memphis 1 |
| BOTTOM OF THE 7TH |
|
Memphis Redbirds batting - Pitching for Las Vegas 51s : RHP Marc Maniu
|
|
Pitching: RHP Ian Daniels
|
|
|
Batting: LHB Tim Olsen
|
0-0: Called Strike 0-1: Foul Ball, location: 2F 0-2: Ball 1-2: Ball 2-2: Foul Ball, location: 2F 2-2: Ball 3-2: Foul Ball, location: 2F 3-2: Foul Ball, location: 2F 3-2: Foul Ball, location: 2F 3-2: Base on Balls
|
|
Batting: SHB Quido van Erp
|
0-0: Ball 1-0: Called Strike Tim Olsen steals 2nd base 1-1: Swinging Strike 1-2: Foul Ball, location: 2F 1-2: Foul Ball, location: 2F 1-2: Fly out, F9 (Flyball, BS6, EV 105.6 MPH) Runner from 2nd tags up, SAFE at 3rd, no throw by RF
|
|
Batting: RHB Colin Boddy
|
0-0: Swinging Strike 0-1: SINGLE (Groundball, 56D, EV 98.1 MPH) Tim Olsen scores
|
|
Batting: LHB Jesus Ramirez
|
0-0: Called Strike 0-1: Ball 1-1: Ball 2-1: Foul Ball, location: 2F 2-2: Ball 3-2: Foul Ball, location: 2F 3-2: Base on Balls Colin Boddy to second
|
|
Batting: RHB Josh Hoeye
|
0-0: Called Strike 0-1: Ball 1-1: Foul Ball, location: 2F 1-2: Strikes out swinging
|
|
Batting: LHB Tom Butterbaugh
|
0-0: Foul Ball, location: 2F 0-1: Ball 1-1: Ball 2-1: Foul Ball, location: 2F 2-2: Foul Ball, location: 2F 2-2: Ball 3-2: Ground out 5-3 (Groundball, 56, EV 100.0 MPH)
|
| Bottom of the 7th over - 1 run, 1 hit, 0 errors, 2 left on base; Las Vegas 4 - Memphis 2 |
| TOP OF THE 8TH |
|
Las Vegas 51s batting - Pitching for Memphis Redbirds : LHP Antonio Lacayo
|
|
Pitching: LHP Paul Gill
|
|
|
Batting: LHB Bill Armijo
|
0-0: Called Strike 0-1: Ball 1-1: Called Strike 1-2: Ball 2-2: Strikes out looking
|
|
Batting: SHB Roberto Magne
|
0-0: Swinging Strike 0-1: Ball 1-1: Swinging Strike 1-2: Strikes out swinging
|
|
Batting: RHB Steven Romanovsky
|
0-0: Called Strike 0-1: Ball 1-1: Swinging Strike 1-2: Ball 2-2: Foul Ball, location: 2F 2-2: Strikes out swinging
|
| Top of the 8th over - 0 runs, 0 hits, 0 errors, 0 left on base; Las Vegas 4 - Memphis 2 |
| BOTTOM OF THE 8TH |
|
Memphis Redbirds batting - Pitching for Las Vegas 51s : RHP Ian Daniels
|
|
Pitching: RHP Justin Overlie
|
|
|
Batting: RHB Eric Chotkowski
|
0-0: Called Strike 0-1: Ball 1-1: Ball 2-1: Fly out, F7 (Flyball, 78M, EV 79.4 MPH)
|
|
Batting: LHB Melvin Salgado
|
0-0: Reached on error, E8 (Flyball, 8RD, EV 88.8 MPH)
|
|
Batting: SHB Luke Robbins
|
0-0: Called Strike 0-1: Ball 1-1: Ball 2-1: Called Strike 2-2: Foul Ball, location: 2F 2-2: Ball 3-2: Ground out 6-3 (Groundball, 6S, EV 80.6 MPH) Melvin Salgado to third
|
|
Batting: LHB Tim Olsen
|
0-0: Called Strike 0-1: Ball Wild Pitch! Melvin Salgado scores 1-1: Called Strike 1-2: Ball 2-2: Fly out, F8 (Flyball, 89S, EV 76.3 MPH)
|
| Bottom of the 8th over - 1 run, 0 hits, 1 error, 0 left on base; Las Vegas 4 - Memphis 3 |
| TOP OF THE 9TH |
|
Las Vegas 51s batting - Pitching for Memphis Redbirds : LHP Paul Gill
|
|
Pitching: RHP Rodolfo Mendez
|
|
|
Batting: SHB Billy Encinias
|
0-0: Ball 1-0: Foul Ball, location: 2F 1-1: Ball 2-1: Called Strike 2-2: SINGLE (Line Drive, 8LS, EV 106.3 MPH)
|
|
Batting: LHB Sal Fernandez
|
0-0: Bunted foul 0-1: Sac Bunt to 3S - play at first, batter OUT! 3-4 Billy Encinias to second
|
|
Batting: RHB Leon Edwards
|
0-0: Called Strike 0-1: Ball 1-1: Foul Ball, location: 2F 1-2: Fly out, F8 (Flyball, 8RD, EV 108.8 MPH)
|
|
Batting: LHB Ben Goldstein
|
0-0: Called Strike 0-1: Called Strike 0-2: Foul Ball, location: 2F 0-2: Ball 1-2: Ball 2-2: Strikes out swinging
|
| Top of the 9th over - 0 runs, 1 hit, 0 errors, 1 left on base; Las Vegas 4 - Memphis 3 |
| BOTTOM OF THE 9TH |
|
Memphis Redbirds batting - Pitching for Las Vegas 51s : RHP Justin Overlie
|
|
Pitching: RHP Ben Dicks
|
|
|
Now at 1B: Masaya Nakamura
|
|
|
Now at 2B: Phil Lomax
|
|
|
Batting: SHB Quido van Erp
|
0-0: SINGLE (Line Drive, 7LM, EV 90.0 MPH)
|
|
Pinch Hitting: LHB Mark Buchholz
|
0-0: Ball 1-0: Ball 2-0: Called Strike 2-1: Foul Ball, location: 2F 2-2: SINGLE (Line Drive, 9LD, EV 101.9 MPH) Quido van Erp to second
|
|
Batting: LHB Jesus Ramirez
|
0-0: Called Strike 0-1: Swinging Strike 0-2: Ball 1-2: Ball 2-2: Foul Ball, location: 2F 2-2: Strikes out looking
|
|
Batting: RHB Josh Hoeye
|
0-0: Called Strike 0-1: Ball 1-1: Ball 2-1: Fielders Choice at 2nd, 6-4 (Groundball, 56, EV 101.3 MPH) Quido van Erp to third
|
|
Batting: LHB Tom Butterbaugh
|
0-0: Foul Ball, location: 2F 0-1: Ground out 6-3 (Groundball, 6MS, EV 68.1 MPH)
|
| Bottom of the 9th over - 0 runs, 2 hits, 0 errors, 2 left on base; Las Vegas 4 - Memphis 3 |
|